 Dungeon Crawl Stone Soup version 0.23-a0-183-gf37f6fb (webtiles) character file.

1831 namelastname112 the Caller (level 8, -1/70 HPs)
             Began as a Green Draconian Summoner on Sept 21, 2018.
             Was an Initiate of Ashenzari.
             Shot with an arrow by a centaur (4 damage)
             ... on level 8 of the Dungeon.
             The game lasted 00:12:47 (6506 turns).

namelastname112 the Caller (DrSu)                   Turns: 6506, Time: 00:12:47

Health: -1/70      AC:  6    Str: 11    XL:     8   Next: 86%
Magic:  2/16       EV: 15    Int: 17    God:    Ashenzari [......]
Gold:   727        SH:  0    Dex: 16    Spells: 8/18 levels left

rFire    + . .     SeeInvis .   f - +0 hand axe (elec)
rCold    + . .     Gourm    +   (no shield)
rNeg     . . .     Faith    .   (armour unavailable)
rPois    +         Spirit   .   (helmet restricted)
rElec    .         Reflect  .   c - scarf {rC+ rF+}
rCorr    .         Harm     .   (no gloves)
MR       .....                  (no boots)
Stlth    +.........             m - amulet of the gourmand
HPRegen  0.21/turn              e - ring of attention (curse)
MPRegen  0.15/turn              H - +4 ring of dexterity

@: short of breath
A: breathe noxious fumes, unfitting armour, poison resistance, cold-blooded, AC
+6
a: Breathe Noxious Fumes, Curse Item, Renounce Religion


You were on level 8 of the Dungeon.
You worshipped Ashenzari.
Ashenzari was noncommittal.
You were not hungry.

You visited 2 branches of the dungeon, and saw 9 of its levels.
You also visited: Ossuary.

You collected 727 gold pieces.

Inventory:

Hand Weapons
 f - a +0 hand axe of electrocution (weapon)
Armour
 c - a scarf of resistance (worn)
Jewellery
 e - a cursed ring of attention (left hand)
 m - an amulet of the gourmand (around neck)
 v - an uncursed ring of positive energy
 H - a +4 ring of dexterity (right hand)
Wands
 i - a wand of iceblast (3)
 p - a wand of enslavement (10)
 s - a wand of digging (8)
 J - a wand of flame (39)
 K - a wand of random effects (29)
Scrolls
 a - 6 scrolls of identify {unknown}
 d - 4 scrolls of teleportation {unknown}
 h - 3 scrolls of remove curse
 k - a scroll of noise {unknown}
 o - 2 scrolls of immolation {unknown}
 t - 3 scrolls of holy word {unknown}
 w - a scroll of silence {unknown}
 x - 4 scrolls of magic mapping {unknown}
 y - a scroll of summoning {unknown}
 D - a scroll of enchant weapon {unknown}
 F - a scroll of enchant armour {unknown}
 I - 2 scrolls of blinking {unknown}
 L - a scroll of random uselessness {unknown}
Potions
 g - 4 potions of degeneration {unknown}
 j - 9 potions of curing {unknown}
 l - 5 potions of heal wounds {unknown}
 n - 3 potions of lignification {unknown}
 q - 3 potions of cancellation {unknown}
 r - a potion of mutation {unknown}
 u - 2 potions of flight {unknown}
 z - 2 potions of brilliance {unknown}
 A - a potion of might {unknown}
 B - a potion of agility {unknown}
 C - a potion of invisibility {unknown}
 E - a potion of berserk rage {unknown}
 G - a potion of haste {unknown}
Comestibles
 b - 17 rations


   Skills:
 + Level 6.1 Fighting
 + Level 5.4 Dodging
 - Level 1.7 Stealth
 + Level 5.5 Spellcasting
 + Level 7.0 Summonings


You had 8 spell levels left.
You knew the following spells:

 Your Spells              Type           Power        Failure   Level  Hunger
a - Summon Small Mammal   Summ           ####         1%          1    None
c - Call Canine Familiar  Summ           ####....     2%          3    ##.....
d - Summon Lightning Spi  Summ/Air       ###.....     30%         4    ####...
z - Call Imp              Summ           ####....     1%          2    #......

Your spell library contained the following spells:

 Spells                   Type           Power        Failure   Level  Hunger
 Summon Guardian Golem    Hex/Summ       ###.....     10%         3    ##.....
 Summon Ice Beast         Ice/Summ       ###.....     30%         4    ####...


Dungeon Overview and Level Annotations

Branches:
Dungeon (8/15)             Temple (1/1) D:5
   Lair: D:8-11

Altars:
Ashenzari
Cheibriados
Dithmenos
Fedhas
Gozag
Hepliaklqana
Kikubaaqudgha
Makhleb
Nemelex Xobeh
Okawaru
Qazlal
Sif Muna
Uskayaw
Vehumet
Wu Jian
Xom
Yredelemnul
The Shining One

Shops:
D:6 :


Innate Abilities, Weirdness & Mutations

You can breathe blasts of noxious fumes.
Your lurid green scales are hard. (AC +6)
You cannot fit into any form of body armour.
Your system is resistant to poisons. (rPois)
You are cold-blooded and may be slowed by cold attacks.


Message History

The spriggan baker hits you with a dagger!
Your hound closely misses the spriggan baker.
The ogre is engulfed in noxious fumes.
The ogre appears confused.
Your white imp gestures at the spriggan baker.
The puff of frost hits the spriggan baker.
You take 7 damage, and have 23/70 hp.
Your hound misses the spriggan baker.
The spriggan baker closely misses your white imp.
The ogre is engulfed in noxious fumes.
The ogre appears confused.
The centaur shoots an arrow.
The arrow hits you.
* * * LOW HITPOINT WARNING * * *
Your white imp gestures at the spriggan baker.
The puff of frost hits the spriggan baker.
The spriggan baker dies!
Your Summonings skill increases to level 7!
You take 5 damage, and have 18/70 hp.
The centaur shoots an arrow.
The arrow hits you!
* * * LOW HITPOINT WARNING * * *
Your hound bites the ogre.
The centaur shoots an arrow.
The arrow hits you.
You die...

#.............#.#.#
.#...........#.#.#
##....#######
#.#..#####
##..§.....##
##....§.....#
.......§÷....###
##......Oh.5.#.#%#
.......c§()@.'..%#
.##.....((...#####
##...##...## ####
#####


You could see an ogre (confused), a centaur, a friendly hound and a friendly
white imp.

Vanquished Creatures
  A phantom (D:5)
  An ogre (D:5)
  5 centaurs
  2 bullfrogs
  3 wights (D:7)
  An electric eel (D:6)
  2 hounds
  2 crimson imps
  An orc priest (D:6)
  3 worker ants
  6 orc wizards
  A hound skeleton (D:4)
  3 mummies (Ossuary)
  A worker ant zombie (D:6)
  2 gnolls (D:6)
  8 adders
  2 howler monkey skeletons
  A shadow imp (D:7)
  2 adder skeletons
  A dart slug (D:5)
  3 leopard geckos
  11 orcs
  4 giant cockroaches
  5 goblins
  6 hobgoblins
  5 jackals
  7 kobolds
  3 quokkas
  2 bats
  3 frilled lizards
  A hobgoblin zombie (Ossuary)
  2 kobold zombies (Ossuary)
  An orc zombie (Ossuary)
  A quokka zombie (D:6)
  9 rats
111 creatures vanquished.

Vanquished Creatures (collateral kills)
  A spriggan (D:8)
  2 ogres
  A gnoll sergeant (D:6)
  A scorpion (D:4)
  A wyvern skeleton (D:6)
  A wight (D:7)
  A jelly (D:6)
  A hound (D:4)
  An iguana (D:5)
  2 worker ants
  A hound skeleton (D:6)
  5 mummies (Ossuary)
  2 gnolls (D:6)
  An adder (D:6)
  An ooze (D:2)
  A dart slug (D:3)
  A leopard gecko (D:6)
  5 orcs
  2 bats (D:2)
  A gnoll zombie (Ossuary)
  3 goblins
  2 hobgoblins (D:2)
  3 jackals
  A kobold (D:3)
  A ball python skeleton (D:4)
  A frilled lizard (D:1)
  A hobgoblin zombie (Ossuary)
  A kobold zombie (Ossuary)
  An orc zombie (Ossuary)
  A quokka skeleton (D:7)
  A rat (D:3)
48 creatures vanquished.

Grand Total: 159 creatures vanquished

Notes
Turn   | Place    | Note
-------+----------+-------------------------------------------
     0 | D:1      | namelastname112 the Draconian Summoner began the quest for
                  | the Orb.
     0 | D:1      | Reached XP level 1. HP: 14/14 MP: 3/3
   102 | D:1      | Reached XP level 2. HP: 21/22 MP: 5/5
   111 | D:1      | Learned a level 2 spell: Call Imp
   302 | D:1      | Reached skill level 1 in Fighting
   793 | D:2      | Reached XP level 3. HP: 19/28 MP: 1/6
   856 | D:2      | Learned a level 3 spell: Call Canine Familiar
  1133 | D:2      | Reached XP level 4. HP: 23/36 MP: 7/7
  1787 | D:3      | Reached XP level 5. HP: 37/42 MP: 4/9
  2228 | D:3      | Noticed a centaur
  2240 | D:3      | Killed a centaur
  2507 | D:4      | Reached skill level 5 in Summonings
  2512 | D:4      | Reached XP level 6. HP: 51/51 MP: 6/11
  2893 | D:4      | Found a glowing golden altar of the Shining One.
  3294 | D:5      | Entered Level 5 of the Dungeon
  3360 | D:5      | Found a staircase to the Ecumenical Temple.
  3379 | Temple   | Entered the Ecumenical Temple
  3479 | Temple   | Became a worshipper of Ashenzari the Shackled
  3613 | D:5      | Found a sparkling altar of Nemelex Xobeh.
  3688 | D:5      | Your scales start taking on a lurid green colour.
  3688 | D:5      | Reached XP level 7. HP: 50/58 MP: 3/12
  3688 | D:5      | Gained mutation: Your system is resistant to poisons.
                  | (rPois) [Green Draconian growth]
  3804 | D:5      | Learned a level 4 spell: Summon Lightning Spire
  4257 | D:6      | Found a sand-covered staircase.
  4265 | Ossuary  | Entered an ossuary
  4835 | D:6      | Reached skill level 6 in Summonings
  5130 | D:6      | Found a hide-covered altar of Uskayaw.
  5143 | D:6      | Reached XP level 8. HP: 51/67 MP: 5/14
  5239 | D:6      | Reached skill level 5 in Fighting
  5654 | D:7      | Reached skill level 5 in Spellcasting
  5813 | D:6      | Found Lylazxoq's Book Emporium.
  6049 | D:7      | Reached skill level 5 in Dodging
  6505 | D:8      | Reached skill level 7 in Summonings
  6506 | D:8      | HP: 3/70 [centaur/arrow (15)]
  6506 | D:8      | Shot with an arrow by a centaur

Vault maps used:
D:1:      minmay_arrival_arboretum_large, minmay_tetromino_t2
D:2:      minmay_unequal
D:3:      first_ration
D:4:      tso_altar
D:5:      minmay_temple_entry_purple_smoke, nemelex_diamond_rough_becter
D:6:      kennysheep_spiral_hall, eat_drink_and_be_merry_uskayaw,
          nicolae_ossuary_entry_plus, serial_shops, nicolae_shop_trees,
          nicolae_water_bricks
D:8:      serial_shops, nicolae_shop_window_shopping, the_bakery
Temple:   eino_temple_rhombus
Ossuary:  ossuary_tomb_3

Skill      XL: |  1  2  3  4  5  6  7  8 |
---------------+-------------------------+-----
Dodging        | 2 3 4 5 |  5.4
Fighting       | 1 2 3 4 6 |  6.1
Spellcasting   | 3 4 5 |  5.5
Summonings     | 5 6 7 |  7.0
Stealth        | |  1.7

Action                   |  1- 3 |  4- 6 |  7- 9 || total
-------------------------+-------+-------+-------++-------
Melee: Unarmed           |    13 |       |       ||    13
       Hand axe          |    77 |   150 |   145 ||   372
       Tailslap          |     5 |    14 |    12 ||    31
 Cast: Summon Small Mamm |     4 |       |       ||     4
       Call Imp          |     5 |    19 |    24 ||    48
       Call Canine Famil |       |     8 |    14 ||    22
       Summon Lightning  |       |       |     4 ||     4
 Abil: Breathe Noxious F |       |       |     5 ||     5
Evoke: Wand              |       |       |     3 ||     3
 Stab: Sleeping          |       |     2 |       ||     2
  Eat: Chunk             |     1 |    14 |    12 ||    27
Armor: Skin              |    37 |    44 |    48 ||   129
Dodge: Dodged            |    91 |   104 |   113 ||   308

Table legend:
 A = Non-vault XP
 B = Vault XP
 C = Vault XP percentage of total XP
 D = Non-vault monster count
 E = Vault monster count
 F = Vault count percentage of total count
                 A         B        C        D         E       F
            +---------+---------+-------+---------+---------+-------
      Total |    2239 |     378 |  14.4 |     134 |      25 |  15.7
            +---------+---------+-------+---------+---------+-------
        D:1 |      21 |       3 |  12.5 |      14 |       2 |  12.5
        D:2 |      79 |      24 |  23.3 |      22 |       3 |  12.0
        D:3 |     193 |       0 |   0.0 |      32 |       0 |   0.0
        D:4 |     300 |       0 |   0.0 |      19 |       0 |   0.0
        D:5 |     317 |       0 |   0.0 |       8 |       0 |   0.0
        D:6 |     614 |     137 |  18.2 |      24 |       3 |  11.1
        D:7 |     481 |       0 |   0.0 |      10 |       0 |   0.0
        D:8 |     234 |     115 |  33.0 |       5 |       1 |  16.7
    Ossuary |       0 |      99 | 100.0 |       0 |      16 | 100.0
            +---------+---------+-------+---------+---------+-------
